 Dungeon Crawl Stone Soup version 0.29-a0-234-g0dae59b3db (webtiles) character file.

Game seed: 9742153528460198628

149 Anathary the Ruffian (level 5, -3/47 HPs)
             Began as a Minotaur Monk on Mar 3, 2022.
             Slain by Blork the orc
             ... wielding a +0 war axe
              (12 damage)
             ... on level 4 of the Dungeon.
             The game lasted 00:04:36 (1990 turns).

Anathary the Ruffian (Minotaur Monk)                Turns: 1990, Time: 00:04:37

Health: -3/47      AC:  2    Str: 17    XL:     5   Next: 9%
Magic:  4/4        EV: 13    Int:  7    God:
Gold:   19         SH:  0    Dex: 13    Spells: 4/4 levels left

rFire   . . .      SeeInvis .     - Unarmed
rCold   . . .      Faith    .   (no shield)
rNeg    . . .      Spirit   .   a - +0 robe
rPois   .          Reflect  .   (helmet restricted)
rElec   .          Harm     .   (no cloak)
rCorr   .          Rampage  .   (no gloves)
Will    .....                   (no boots)
Stlth   ++........              (no amulet)
HPRegen 0.15/turn               (no ring)
MPRegen 0.09/turn               (no ring)

@: no status effects
A: horns 2, retaliatory headbutt
a: no special abilities


You were on level 4 of the Dungeon.
You visited 1 branch of the dungeon, and saw 3 of its levels.

You collected 19 gold pieces.

Inventory:

Armour
 a - a +0 robe (worn)
Scrolls
 b - a scroll of silence {unknown}
 c - a scroll of blinking {unknown}
 d - 3 scrolls of identify {unknown}


   Skills:
 + Level 4.5 Fighting
 + Level 4.4 Dodging
 - Level 1.5 Stealth
 + Level 5.1 Unarmed Combat


You had 4 spell levels left.
You didn't know any spells.
Your spell library was empty.

Dungeon Overview and Level Annotations

Branches:
Dungeon (2/15)

Altars:

Annotations:
D:2 Sigmund
D:4 Blork the orc


Innate Abilities, Weirdness & Mutations

You have a pair of horns on your head.
You reflexively headbutt those who attack you in melee.


Message History

Blork the orc hits you with a +0 war axe!
You hit Blork the orc. You headbutt Blork the orc.
Blork the orc is lightly wounded.
Blork the orc hits you with a +0 war axe!
Blork the orc points at you and mumbles some strange words.
The puff of frost hits you!
You punch Blork the orc!
Blork the orc is heavily wounded.
Blork the orc completely misses you.
You hit Blork the orc but do no damage.
Blork the orc is heavily wounded.
Blork the orc barely misses you.
You closely miss Blork the orc.
Blork the orc is heavily wounded.
Blork the orc hits you with a +0 war axe!
Blork the orc closely misses you.
You hit Blork the orc. Your headbutt misses Blork the orc.
Blork the orc is heavily wounded.
Blork the orc barely misses you.
You hit Blork the orc.
Blork the orc is severely wounded.
Blork the orc hits you with a +0 war axe!
* * * LOW HITPOINT WARNING * * *
You completely miss Blork the orc.
Blork the orc is severely wounded.
Blork the orc closely misses you. You furiously retaliate!
You headbutt Blork the orc! Blork the orc barely misses you.
You furiously retaliate!
You headbutt Blork the orc. You hit Blork the orc but do no damage.
Blork the orc is almost dead.
Blork the orc screams, "You are the ugliest creature I've ever seen!"
Blork the orc begins to cast a cantrip, but forgets the words!
You barely miss Blork the orc. Your headbutt misses Blork the orc.
Blork the orc is almost dead.
Blork the orc casts a cantrip, but nothing happens.
Blork the orc barely misses you.
You barely miss Blork the orc.
Blork the orc is almost dead.
Blork the orc hits you with a +0 war axe!
You die...

#..........#
#..........#
#..........#
#..........#
########'########
#>.......
#######.#####.##
.........####..###
......#....o@....##
.......#...##...#.#
........#..##..#..#
.........#....#...#
..........#..#....#
.......##..##..##.#
#####. #.. #..##.#
#....#..#...)#
...#....#...#


You could see Blork the orc (fast).

Vanquished Creatures
  An ogre (D:4)
  An adder (D:1)
  3 gnolls (D:1)
  4 ball pythons (D:1)
  3 bats
  An endoplasm (D:1)
  3 giant cockroaches (D:1)
  3 hobgoblins (D:1)
  4 quokkas (D:1)
  3 frilled lizards (D:1)
  3 kobolds (D:1)
  A rat (D:1)
30 creatures vanquished.

Vanquished Creatures (others)
  4 fungi (D:1)
  3 plants (D:1)
7 creatures vanquished.

Grand Total: 37 creatures vanquished

Notes
Turn   | Place    | Note
-------+----------+-------------------------------------------
     0 | D:1      | Anathary the Minotaur Monk began the quest for the Orb.
     0 | D:1      | Reached XP level 1. HP: 19/19 MP: 0/0
   363 | D:1      | Reached XP level 2. HP: 22/27 MP: 1/1
   637 | D:1      | Reached XP level 3. HP: 33/33 MP: 2/2
   896 | D:1      | Found a faded altar of an unknown god.
   944 | D:1      | Reached skill level 4 in Unarmed Combat
  1713 | D:2      | Noticed Sigmund
  1714 | D:2      | Reached XP level 4. HP: 20/40 MP: 3/3
  1924 | D:2      | You fall into a shaft and drop 2 floors!
  1936 | D:4      | Noticed an ogre
  1950 | D:4      | Noticed Blork the orc
  1958 | D:4      | Killed an ogre
  1959 | D:4      | Reached skill level 5 in Unarmed Combat
  1959 | D:4      | Reached XP level 5. HP: 47/47 MP: 4/4
  1990 | D:4      | Slain by Blork the orc

Illustrated notes

Levels and vault maps discovered:
D:1:      psy_arrival_terrarium, layout_loops_cross, serial_rivers,
          chequers_serial_rivers_micro_e, chequers_serial_rivers_small_b,
          chequers_serial_rivers_micro_a, chequers_serial_rivers_large_a,
          shapermc_ecumenical_altar_ellora, minmay_strange_pillars
D:2:      layout_loops_cross, uniq_sigmund, uniq_crazy_yiuf_cottage
D:4:      wad_crossroads, layout_basic, minivault_26, uniq_natasha,
          uniq_blork_the_orc

Skill      XL: |  1  2  3  4 |
---------------+-------------+-----
Fighting       | 4 |  4.5
Unarmed Combat | 4 5 |  5.1
Dodging        | 4 |  4.4
Stealth        | |  1.5

Action                   |  1- 3 |  4- 6 || total
-------------------------+-------+-------++-------
Melee: Unarmed           |    65 |    16 ||    81
       Headbutt          |     9 |     1 ||    10
 Stab: Sleeping          |     2 |       ||     2
Armor: Robe              |    10 |       ||    10
Dodge: Dodged            |    45 |    11 ||    56

Table legend: (Time is in decaauts)
 A = Elapsed time spent in this place.
 B = Non-inter-level travel time spent in this place.
 C = Inter-level travel time spent in this place.
 D = Time resting spent in this place.
 E = Time spent auto-exploring this place.
 F = Levels seen in this place.
 G = Mean time per level.
                   A        B        C        D        E       F      G
               +--------+--------+--------+--------+--------+-----+--------+
         Total |   1999 |   1893 |    106 |    931 |    447 |   3 |  666.3 |
       Dungeon |   1999 |   1893 |    106 |    931 |    447 |   3 |  666.3 |
               +--------+--------+--------+--------+--------+-----+--------+

Top non-repeatable levels by time:
     D:1: 1925 daAuts
     D:4: 64 daAuts
     D:2: 8 daAuts
